[Event "Titled Tuesday Blitz February 14 Late 2023"]
[White "Ibadov, Dashgyn"]
[Black "Fernandez Guillen, Ernesto J."]
[WhiteFideId "24107514"]
[BlackFideId "3512428"]
[WhiteElo "2391"]
[BlackElo "2477"]
[Result "1/2-1/2"]
[Round "08"]
[TimeControl "180+2"]
[Date "2023.02.14"]
[WhiteClock "0:00:16"]
[BlackClock "0:00:07"]

1. e4 e5 2. Nf3 Nc6 3. d4 exd4 4. Nxd4 g6 5. Nc3 Bg7 6. Be3 Nge7 7. Nxc6 bxc6 8. Qd2 O-O 9. Be2 d5 10. exd5 cxd5 11. Rd1 c6 12. Bd4 Bxd4 13. Qxd4 Nf5 14. Qc5 Qb6 15. Na4 Qxc5 16. Nxc5 Re8 17. Kd2 Nd4 18. Bd3 Ne6 19. Rhe1 Kf8 20. Nxe6+ fxe6 21. f4 Ke7 22. c4 Kd6 23. Kc3 a5 24. Re5 Bd7 25. Rde1 Reb8 26. h4 Rb4 27. h5 gxh5 28. Rxh5 Rab8 29. Re2 c5 30. b3 a4 31. Bc2 d4+ 32. Kd2 axb3 33. axb3 Rxb3 34. Bxb3 Rxb3 35. Ree5 Rb2+ 36. Kd3 Be8 37. Rxc5 Rb3+ 38. Kxd4 Bg6 39. Rhd5+ exd5 40. Rxd5+ Ke6 41. g4 Rd3+ 42. Kc5 Rxd5+ 43. cxd5+ Kd7 44. f5 Bf7 45. g5 Bg8 46. g6 hxg6 47. fxg6 Kc7 48. g7 Kd7 49. d6 Bf7 50. Kd4 Kxd6 51. Ke3 Bg8 52. Kf2 Ke7 53. Kg1 Kf6 54. Kh2 Kxg7 1/2-1/2


[Site "https://www.chess.com"]

[Event "Titled Tuesday Blitz February 14 Late 2023"]
[White "Remolar Gallen, Jose"]
[Black "Goltsev, Dmitry"]
[WhiteFideId "2215187"]
[BlackFideId "24176710"]
[WhiteElo "2285"]
[BlackElo "2269"]
[Result "0-1"]
[Round "08"]
[TimeControl "180+2"]
[Date "2023.02.14"]
[WhiteClock "0:00:39"]
[BlackClock "0:02:04"]

1. d4 Nf6 2. c4 e6 3. Nc3 Bb4 4. e3 b6 5. Ne2 Bb7 6. a3 Bxc3+ 7. Nxc3 Qe7 8. Be2 a5 9. O-O d6 10. Bf3 c6 11. e4 e5 12. Bg5 Nbd7 13. g3 h6 14. Be3 exd4 15. Qxd4 Ne5 16. Bg2 c5 17. Qd1 O-O 18. b3 Nc6 19. Qd2 Rad8 20. Rad1 Rfe8 21. Rfe1 Ng4 22. Bf4 Nd4 23. b4 axb4 24. axb4 Ne5 25. Nd5 Bxd5 26. exd5 Nef3+ 0-1


[Site "https://www.chess.com"]

[Event "Titled Tuesday Blitz February 14 Late 2023"]
[White "Kravtsiv, Martyn"]
[Black "Solon, Nathan"]
[WhiteFideId "14113147"]
[BlackFideId "2017229"]
[WhiteElo "2598"]
[BlackElo "2306"]
[Result "1-0"]
[Round "08"]
[TimeControl "180+2"]
[Date "2023.02.14"]
[WhiteClock "0:02:43"]
[BlackClock "0:01:38"]

1. f4 d5 2. Nf3 Bg4 3. g3 Bxf3 4. exf3 c5 5. Kf2 Nc6 6. h4 e6 7. Kg2 g6 8. b3 Bg7 9. c3 Nge7 10. Ba3 b6 11. Qc2 h5 12. d4 cxd4 13. Bb5 a6 14. Bxe7 Kxe7 15. Bxc6 Rc8 16. Bb7 Rc7 17. Bxa6 dxc3 18. a4 Qd6 19. Na3 Qb4 20. Bd3 Rhc8 21. Nb5 Rc5 22. Rhe1 Kf8 23. Re2 1-0


[Site "https://www.chess.com"]

[Event "Titled Tuesday Blitz February 14 Late 2023"]
[White "Remizov, Yaroslav"]
[Black "Gutenev, Alexander"]
[WhiteFideId "34134015"]
[BlackFideId "4195540"]
[WhiteElo "2421"]
[BlackElo "2455"]
[Result "0-1"]
[Round "08"]
[TimeControl "180+2"]
[Date "2023.02.14"]
[WhiteClock "0:00:06"]
[BlackClock "0:00:06"]

1. Nf3 Nf6 2. c4 g6 3. b3 Bg7 4. Bb2 O-O 5. g3 c6 6. Bg2 d5 7. O-O Bg4 8. h3 Bxf3 9. Bxf3 Nbd7 10. d4 e6 11. e3 b5 12. cxb5 cxb5 13. Nd2 Qe7 14. a4 b4 15. Qe2 Qd6 16. Rac1 Rfc8 17. Qd3 Bf8 18. e4 dxe4 19. Nxe4 Nxe4 20. Bxe4 Rab8 21. d5 Bg7 22. Bxg7 Kxg7 23. Rc6 Rxc6 24. dxc6 Qxd3 25. Bxd3 Nc5 26. Bb5 a6 27. Rc1 axb5 28. axb5 Ne4 29. c7 Rc8 30. Rc6 Nd6 31. Rxd6 Rxc7 32. Rd4 Kf6 33. Rxb4 Ke5 34. Kg2 Kd5 35. b6 Rb7 36. Kf3 Kc5 37. Rc4+ Kd5 38. Rc7 Rxb6 39. Rxf7 Rxb3+ 40. Kg4 h6 41. Rf6 Rb4+ 42. f4 g5 43. Kh5 gxf4 44. gxf4 Rb3 45. h4 Rg3 46. Kxh6 e5 47. Rf5 Ke4 48. Rxe5+ Kxf4 49. Ra5 Rg1 50. h5 Rg2 51. Kh7 Rg1 52. h6 Rg2 53. Kh8 Rg1 54. h7 Rg2 55. Ra7 Kf5 56. Rg7 Ra2 0-1


[Site "https://www.chess.com"]

[Event "Titled Tuesday Blitz February 14 Late 2023"]
[White "Li, Ruifeng"]
[Black "Cardoso Cardoso, Jose Gabriel"]
[WhiteFideId "2061074"]
[BlackFideId "4430492"]
[WhiteElo "2541"]
[BlackElo "2492"]
[Result "1-0"]
[Round "08"]
[TimeControl "180+2"]
[Date "2023.02.14"]
[WhiteClock "0:00:03"]
[BlackClock "0:00:01"]

1. b3 b6 2. Bb2 Bb7 3. e3 e6 4. Nf3 Nf6 5. c4 g6 6. g4 Bg7 7. g5 Nh5 8. Bxg7 Nxg7 9. Nc3 h6 10. gxh6 Rxh6 11. Bg2 Nf5 12. d4 d6 13. Qe2 Nd7 14. O-O-O Rh8 15. h4 Qe7 16. Rh2 O-O-O 17. Rdh1 Rh5 18. Qd1 Rdh8 19. Ne2 Nxh4 20. Nf4 R5h6 21. Nxh4 Rxh4 22. Bxb7+ Kxb7 23. Qf3+ c6 24. Rxh4 Rxh4 25. Rxh4 Qxh4 26. d5 cxd5 27. cxd5 e5 28. Ne6 Qf6 29. Qg2 Nc5 30. Nxc5+ bxc5 31. Kd2 e4 32. Qxe4 Qxf2+ 33. Kc3 Qf6+ 34. Kc4 g5 35. Qe8 Qf1+ 36. Kc3 Qc1+ 37. Kd3 Qd1+ 38. Kc3 Qxd5 39. Qd7+ Kb6 40. Qd8+ Kb7 41. Qd7+ Ka6 42. Qc8+ Qb7 43. Qd8 Qc6 44. Qxg5 d5 45. Qf4 Qe6 46. Qc7 Qxe3+ 47. Kc2 Qe4+ 48. Kc3 Qd4+ 49. Kc2 Qe4+ 50. Kc3 Qe6 51. Qxc5 f5 52. a4 Qe5+ 53. Kb4 Qb8+ 54. Ka3 Qb6 55. Qxd5 Qc7 56. Qxf5 1-0


[Site "https://www.chess.com"]

[Event "Titled Tuesday Blitz February 14 Late 2023"]
[White "Rorrer, Grayson"]
[Black "Baskakov, Egor"]
[WhiteFideId "30944996"]
[BlackFideId "24197866"]
[WhiteElo "2263"]
[BlackElo "2215"]
[Result "0-1"]
[Round "08"]
[TimeControl "180+2"]
[Date "2023.02.14"]
[WhiteClock "0:00:02"]
[BlackClock "0:00:36"]

1. c4 Nf6 2. Nf3 e6 3. e3 d5 4. Nc3 Be7 5. b3 O-O 6. Qc2 Ne4 7. Nxe4 dxe4 8. Qxe4 Bf6 9. d4 c5 10. Bb2 Nc6 11. Be2 Qa5+ 12. Kf1 Rd8 13. h4 h6 14. Bd3 Nb4 15. Bb1 Bd7 16. a3 Na6 17. g4 g6 18. Ne5 cxd4 19. Nxg6 fxg6 20. Qxg6+ Bg7 21. Bxd4 e5 22. b4 Qc7 23. g5 Qc6 24. Qh7+ Kf8 25. Be4 Qxc4+ 26. Kg1 exd4 27. gxh6 Be5 28. Bxb7 Rab8 29. Be4 dxe3 30. Re1 Qg8+ 31. Qxg8+ Kxg8 32. Rxe3 Bd4 33. Rg3+ Kh8 34. Rh2 Be5 35. Rhg2 Bxg3 36. fxg3 0-1


[Site "https://www.chess.com"]

[Event "Titled Tuesday Blitz February 14 Late 2023"]
[White "Yuan, Qingyu"]
[Black "Firat, Burak"]
[WhiteFideId "8609772"]
[BlackFideId "6305881"]
[WhiteElo "2373"]
[BlackElo "2456"]
[Result "0-1"]
[Round "08"]
[TimeControl "180+2"]
[Date "2023.02.14"]
[WhiteClock "0:00:02"]
[BlackClock "0:00:26"]

1. e4 c5 2. Nf3 e6 3. c3 Nf6 4. e5 Nd5 5. g3 d6 6. exd6 Bxd6 7. Bg2 O-O 8. O-O c4 9. b3 cxb3 10. axb3 Nc6 11. c4 Ndb4 12. Bb2 Nd3 13. Bc3 Bc5 14. Qe2 e5 15. Ne1 Bf5 16. Bd5 Nd4 17. Bxd4 Bxd4 18. Nc3 Nc5 19. b4 Nb3 20. Ra3 Nc1 21. Qf3 Bg6 22. Ne4 Kh8 23. Nc2 f5 24. Nxd4 fxe4 25. Qd1 exd4 26. Qxc1 Qe7 27. Qb2 Qe5 28. Bxb7 Rab8 29. Bd5 Bh5 30. Re1 Qf6 31. d3 Rxb4 32. Qd2 exd3 33. Rxd3 a5 34. Rxd4 g5 35. f4 Bg6 36. Rf1 Qb6 37. Kh1 Rb2 38. Qc3 Rc2 39. Qa1 Qb2 40. Qxb2 Rxb2 41. c5 Rd8 42. c6 Rxd5 43. Rxd5 Be4+ 44. Kg1 Rg2+ 45. Kh1 Rxg3+ 46. Rf3 Bxf3# 0-1


[Site "https://www.chess.com"]

[Event "Titled Tuesday Blitz February 14 Late 2023"]
[White "Christiansen, Johan-Sebastian"]
[Black "Krishnan, Varun"]
[WhiteFideId "1512668"]
[BlackFideId "5054508"]
[WhiteElo "2579"]
[BlackElo "2341"]
[Result "1-0"]
[Round "08"]
[TimeControl "180+2"]
[Date "2023.02.14"]
[WhiteClock "0:01:22"]
[BlackClock "0:00:54"]

1. e4 c5 2. Nf3 d6 3. Nc3 Nf6 4. e5 dxe5 5. Nxe5 e6 6. Bb5+ Nbd7 7. d4 cxd4 8. Qxd4 a6 9. Bxd7+ Nxd7 10. Bf4 Bc5 11. Qc4 Qe7 12. Ne4 b5 13. Qd3 Nxe5 14. Bxe5 Bb7 15. Bxg7 Qh4 16. Nf6+ 1-0


[Site "https://www.chess.com"]

[Event "Titled Tuesday Blitz February 14 Late 2023"]
[White "Fiorito, Francisco"]
[Black "Bernadskiy, Vitaliy"]
[WhiteFideId "180165"]
[BlackFideId "14100371"]
[WhiteElo "2305"]
[BlackElo "2592"]
[Result "1/2-1/2"]
[Round "08"]
[TimeControl "180+2"]
[Date "2023.02.14"]
[WhiteClock "0:00:04"]
[BlackClock "0:00:04"]

1. d4 f5 2. Nc3 d5 3. Bg5 c6 4. e3 g6 5. h4 h6 6. Bf4 Bg7 7. Nf3 Nd7 8. Bd3 e6 9. g4 Ngf6 10. gxf5 exf5 11. Rg1 Kf7 12. Qe2 Ne4 13. Bxe4 fxe4 14. Nd2 Nf6 15. O-O-O Bf5 16. Rdf1 Nh5 17. Be5 Bxe5 18. dxe5 Qxh4 19. f3 exf3 20. Nxf3 Qc4 21. Qxc4 dxc4 22. e4 Be6 23. Nh4+ Ke8 24. Rxg6 Bf7 25. Rd6 Ng7 26. Rff6 Ke7 27. Nf5+ Nxf5 28. exf5 h5 29. Ne4 Bd5 30. Nf2 h4 31. Rh6 Raf8 32. f6+ Ke8 33. Rxh8 Rxh8 34. Nh3 Kf7 35. Nf4 h3 36. Rd7+ Ke8 37. Re7+ Kd8 38. Nxh3 Rxh3 39. Rxb7 Re3 40. f7 Rf3 41. Rb8+ Ke7 42. Rb7+ Ke6 43. Rxa7 Rxf7 44. Rxf7 Kxf7 45. Kd2 Ke6 46. Kc3 Kxe5 47. Kb4 Kd6 48. c3 Kc7 49. Kc5 Be6 50. Kd4 Bd5 51. Kc5 Kb7 52. Kb4 Kb6 53. b3 c5+ 54. Ka3 Kb5 55. Kb2 Be4 56. Ka3 Bd3 57. Kb2 Kc6 58. Kc1 Kd5 59. Kb2 Ke4 60. Ka3 Be2 61. Ka4 Kd3 62. Kb5 Kxc3 63. Kxc5 cxb3 64. axb3 Kxb3 1/2-1/2


[Site "https://www.chess.com"]

[Event "Titled Tuesday Blitz February 14 Late 2023"]
[White "Maksimovic, Bojan"]
[Black "Lopez Perdomo, Juan David"]
[WhiteFideId "14408120"]
[BlackFideId "4405137"]
[WhiteElo "2486"]
[BlackElo "2029"]
[Result "1-0"]
[Round "08"]
[TimeControl "180+2"]
[Date "2023.02.14"]
[WhiteClock "0:01:15"]
[BlackClock "0:00:02"]

1. e4 e6 2. d4 d5 3. Nc3 Bb4 4. e5 c5 5. Bd2 Ne7 6. a3 cxd4 7. axb4 dxc3 8. Bxc3 Qc7 9. Nf3 Bd7 10. Bd3 h6 11. O-O O-O 12. Re1 a6 13. b5 a5 14. Qd2 b6 15. b4 a4 16. Bd4 Nf5 17. Bxf5 exf5 18. Qd3 Be6 19. Ra3 Qe7 20. c3 Nd7 21. Rea1 g5 22. Rxa4 Rxa4 23. Rxa4 g4 24. Nd2 f4 25. Ra7 Qg5 26. Qe2 f3 27. Qe3 Qg6 28. Ra1 Bf5 29. Kh1 Be4 30. gxf3 Bf5 31. fxg4 h5 32. gxf5 Qxf5 33. Rg1+ Kh7 34. Nf3 Re8 35. Ng5+ Kh8 36. Nxf7+ Qxf7 37. Qh6+ Qh7 38. e6+ Ne5 39. Qf6+ 1-0


[Site "https://www.chess.com"]

[Event "Titled Tuesday Blitz February 14 Late 2023"]
[White "Chigaev, Maksim"]
[Black "Kavutskiy, Konstantin"]
[WhiteFideId "4108116"]
[BlackFideId "2026384"]
[WhiteElo "2628"]
[BlackElo "2414"]
[Result "1-0"]
[Round "08"]
[TimeControl "180+2"]
[Date "2023.02.14"]
[WhiteClock "0:00:05"]
[BlackClock "0:00:05"]

1. d4 Nf6 2. Nf3 g6 3. c4 Bg7 4. Nc3 O-O 5. e4 d6 6. Be2 e5 7. O-O h6 8. Re1 Nbd7 9. d5 Nh7 10. b4 a5 11. bxa5 Rxa5 12. a4 f5 13. Ra3 b6 14. Bd2 Ra8 15. Bd3 Nc5 16. Bc2 f4 17. h3 g5 18. Nh2 Nf6 19. Nb5 h5 20. a5 g4 21. h4 g3 22. fxg3 Ng4 23. gxf4 Qxh4 24. Rh3 Qf2+ 25. Kh1 Qxf4 26. Nxg4 Bxg4 27. Bxf4 Bxd1 28. Rxd1 exf4 29. axb6 cxb6 30. Nxd6 Ra2 31. Bb1 Re2 32. Nf5 Nxe4 33. Bxe4 Rxe4 34. Rxh5 Rxc4 35. Rg5 Rc7 36. d6 Rd7 37. Re1 Rff7 38. Nh6+ Kf8 39. Nxf7 Kxf7 40. Re7+ Rxe7 41. dxe7 Bf6 42. Rb5 Kxe7 43. Rxb6 Bh4 44. Kh2 Bg3+ 45. Kh3 Kf7 46. Kg4 Ke7 47. Kf5 Bh2 48. Rg6 Kf7 49. Rg4 1-0


[Site "https://www.chess.com"]

[Event "Titled Tuesday Blitz February 14 Late 2023"]
[White "Lucassen, Mickey"]
[Black "Kamsky, Gata"]
[WhiteFideId "12919110"]
[BlackFideId "2000024"]
[WhiteElo "2023"]
[BlackElo "2665"]
[Result "1-0"]
[Round "08"]
[TimeControl "180+2"]
[Date "2023.02.14"]
[WhiteClock "0:00:05"]
[BlackClock "0:00:01"]

1. e4 c5 2. Nf3 e6 3. d4 cxd4 4. Nxd4 a6 5. c4 Nf6 6. Nc3 Qc7 7. Qf3 d6 8. Be2 Nbd7 9. Qg3 b6 10. O-O Bb7 11. Re1 h5 12. h4 Rc8 13. f3 g6 14. Be3 Be7 15. Rad1 Ne5 16. Nc2 O-O 17. Bf4 Rfd8 18. Ne3 Rd7 19. Rd2 Qd8 20. Bg5 Qc7 21. Red1 Rdd8 22. Kh1 Nh7 23. Bxe7 Qxe7 24. f4 Nc6 25. Bxh5 Kh8 26. Bf3 Ba8 27. Qh3 Qf6 28. Qg3 Qe7 29. Ng4 Na5 30. b3 b5 31. e5 dxe5 32. Nxe5 Rxd2 33. Rxd2 Nf8 34. Ne4 Bxe4 35. Bxe4 bxc4 36. h5 c3 37. Rc2 Nb7 38. Rxc3 Rxc3 39. Qxc3 Kg8 40. Qg3 Nd6 41. Bd3 1-0


[Site "https://www.chess.com"]

[Event "Titled Tuesday Blitz February 14 Late 2023"]
[White "Aldokhin, Ivan"]
[Black "Bolourchifard, Farzad"]
[WhiteFideId "24115720"]
[BlackFideId "12510084"]
[WhiteElo "2413"]
[BlackElo "2292"]
[Result "1-0"]
[Round "08"]
[TimeControl "180+2"]
[Date "2023.02.14"]
[WhiteClock "0:00:05"]
[BlackClock "0:00:11"]

1. e4 e5 2. Nf3 Nc6 3. Bb5 a6 4. Ba4 d6 5. Bxc6+ bxc6 6. d4 exd4 7. Nxd4 c5 8. Nf3 Nf6 9. e5 Nd7 10. Bf4 Nxe5 11. Nxe5 dxe5 12. Qxd8+ Kxd8 13. Bxe5 f6 14. Bg3 Bf5 15. Na3 Rb8 16. O-O-O+ Kc8 17. Rhe1 g6 18. Nc4 Bh6+ 19. Kb1 Rd8 20. b3 Bf8 21. Kb2 Bd7 22. f3 Re8 23. Rxe8+ Bxe8 24. Ne3 Rb6 25. Nd5 Rc6 26. Re1 Kd8 27. Bxc7+ Kd7 28. Ba5 Bf7 29. Nb6+ Kd8 30. Nc4+ Kd7 31. Nb6+ Kd8 32. c4 Re6 33. Rd1+ Ke8 34. Rd7 Rxb6 35. Rxf7 Kxf7 36. Bxb6 Bd6 37. h3 Ke6 38. Kc3 Kf5 39. a3 Kf4 40. b4 cxb4+ 41. axb4 Kg3 42. c5 Be5+ 43. Kc4 Kxg2 44. c6 Kxh3 45. Kd5 Kg2 46. Bc5 Bc7 47. Bd6 Bb6 48. Bc5 Bc7 49. Bd6 Bb6 50. Bc5 Bd8 51. Bd6 Kxf3 52. c7 Bxc7 53. Bxc7 g5 54. Kc6 g4 55. Kb6 f5 56. Kxa6 g3 57. b5 g2 58. Bh2 Ke2 59. b6 f4 60. b7 f3 61. b8=Q f2 62. Qb2+ Kf3 63. Qc3+ Ke2 64. Qc2+ Ke3 65. Qc1+ Ke2 66. Qc4+ Ke3 67. Qf4+ Ke2 68. Qg4+ Ke1 69. Qe4+ Kd2 70. Qxg2 Ke3 71. Bg3 Ke2 72. Qxf2+ 1-0


[Site "https://www.chess.com"]

[Event "Titled Tuesday Blitz February 14 Late 2023"]
[White "Kleiman, Jake"]
[Black "Sokolovsky, Yahli"]
[WhiteFideId "2020041"]
[BlackFideId "2820242"]
[WhiteElo "2399"]
[BlackElo "2461"]
[Result "0-1"]
[Round "08"]
[TimeControl "180+2"]
[Date "2023.02.14"]
[WhiteClock "0:00:16"]
[BlackClock "0:00:02"]

1. e4 g6 2. d4 Bg7 3. Nc3 d6 4. Nf3 a6 5. a4 b6 6. Bd3 Bb7 7. O-O Nc6 8. d5 Nb4 9. Bc4 Nf6 10. Re1 a5 11. Bb5+ Nd7 12. Be3 O-O 13. Bd4 e5 14. dxe6 fxe6 15. Bxg7 Kxg7 16. Qd2 Rxf3 17. gxf3 Ne5 18. Be2 Qh4 19. f4 Rf8 20. f3 Rxf4 21. Rf1 d5 22. exd5 Nxd5 23. Nxd5 Bxd5 24. Ra3 Qg5+ 25. Kh1 Nxf3 26. Qxf4 Nh4+ 27. Bf3 Qxf4 0-1


[Site "https://www.chess.com"]

[Event "Titled Tuesday Blitz February 14 Late 2023"]
[White "Brilej, Jaka"]
[Black "Martinez Ramirez, Lennis"]
[WhiteFideId "14618818"]
[BlackFideId "3509079"]
[WhiteElo "2321"]
[BlackElo "2426"]
[Result "1/2-1/2"]
[Round "08"]
[TimeControl "180+2"]
[Date "2023.02.14"]
[WhiteClock "0:00:13"]
[BlackClock "0:00:04"]

1. d4 d5 2. c4 dxc4 3. e4 Nf6 4. e5 Nd5 5. Bxc4 Nb6 6. Bd3 Nc6 7. Nf3 Bg4 8. Be3 e6 9. Nbd2 Qd7 10. h3 Bh5 11. O-O Nb4 12. Be4 N4d5 13. Rc1 O-O-O 14. Nc4 Nxc4 15. Rxc4 Kb8 16. Qc1 f6 17. a3 Bxf3 18. Bxf3 fxe5 19. Bg5 Be7 20. dxe5 Bxg5 21. Qxg5 Rhf8 22. Rfc1 c6 23. Bxd5 exd5 24. Rf4 h6 25. Qg3 Rxf4 26. Qxf4 Qe6 27. Qd4 b6 28. b4 g5 29. a4 Re8 30. Re1 Rf8 31. g3 Qxh3 32. e6 Qf5 33. e7 Re8 34. a5 Kc7 35. Qa1 Kd6 36. axb6 axb6 37. Qa7 Qf6 38. Qxb6 Rxe7 39. Qb8+ Kd7 40. Qb7+ Kd6 41. Qb8+ Rc7 42. b5 cxb5 43. Qxb5 d4 44. Rd1 Qe5 45. Qb6+ Rc6 46. Qxd4+ Qxd4 47. Rxd4+ Ke5 48. Rd3 Kf5 49. Kg2 Kg4 50. Rd4+ Kh5 51. Rd3 Rc2 52. Re3 Ra2 53. Rd3 Ra4 54. Re3 Kg4 55. Rd3 h5 56. Re3 Rd4 57. Rc3 Kf5 58. Rf3+ Kg6 59. Re3 Rd6 60. Rf3 Re6 61. Rd3 Kf5 62. Rd5+ Kf6 63. Rd3 Re5 64. Rf3+ Ke6 65. Ra3 Kf5 66. Rb3 Ke4 67. Re3+ Kf5 68. Rf3+ Kg6 69. Ra3 g4 70. Rb3 Kg5 71. Rc3 Kf5 72. Rd3 Kg5 73. Rc3 Kf5 74. Rd3 Ke4 75. Re3+ Kd4 76. Ra3 Kc4 77. Ra4+ Kd3 78. Ra2 Rc5 79. Ra3+ Ke4 80. Ra4+ Kf5 81. Ra3 Kg5 82. Re3 Rf5 83. Re2 h4 84. gxh4+ Kxh4 85. Re3 Rf4 86. Rg3 Rf6 87. Re3 Ra6 88. Rg3 Ra2 89. Re3 Rd2 90. Rg3 Re2 91. Re3 Rd2 92. Rg3 Kg5 93. Re3 Kf4 94. Rg3 Re2 95. Re3 Rd2 96. Rg3 Re2 97. Re3 Rxe3 98. fxe3+ Kxe3 99. Kg3 Ke4 100. Kxg4 1/2-1/2


[Site "https://www.chess.com"]

[Event "Titled Tuesday Blitz February 14 Late 2023"]
[White "Papasimakopoulos, Alexandros"]
[Black "Prem, Pranav"]
[WhiteFideId "4244125"]
[BlackFideId "30901057"]
[WhiteElo "2401"]
[BlackElo "2061"]
[Result "1-0"]
[Round "08"]
[TimeControl "180+2"]
[Date "2023.02.14"]
[WhiteClock "0:00:50"]
[BlackClock "0:00:04"]

1. d4 d5 2. c4 e6 3. Nc3 Nf6 4. cxd5 exd5 5. Bg5 c6 6. e3 Be7 7. Bd3 Nbd7 8. Qc2 O-O 9. Nf3 Re8 10. O-O Nf8 11. h3 Ne4 12. Bxe7 Qxe7 13. Bxe4 dxe4 14. Nd2 f5 15. Nc4 Be6 16. Ne2 Ng6 17. Rfd1 h5 18. Rac1 Rad8 19. a3 Qg5 20. Ne5 Nxe5 21. dxe5 Bd5 22. Nf4 Rxe5 23. Qc5 b6 24. Qc3 Re7 25. b4 b5 26. Qc5 Red7 27. Rd4 Qh6 28. Rcd1 Qd6 29. Nxd5 Qxc5 30. bxc5 Rxd5 31. Rxd5 cxd5 32. c6 a6 33. c7 Rc8 34. Rxd5 Rxc7 35. Rxf5 Rc3 36. a4 b4 37. Re5 Rc1+ 38. Kh2 b3 39. Re8+ Kf7 40. Rb8 Rc3 41. Kg3 Rd3 42. Kf4 Rd2 43. Rxb3 Rxf2+ 44. Kg3 Rf6 45. Rb4 Re6 46. Kf4 Rg6 47. g3 h4 48. g4 Rf6+ 49. Kxe4 Rc6 50. Kf4 Rc5 51. Rb7+ Kf8 52. g5 Rc4+ 53. e4 Rxa4 54. g6 Ra1 55. Kf5 Rf1+ 56. Kg5 a5 57. Ra7 Re1 58. Kf5 Rf1+ 59. Kg4 Re1 60. Kf4 Rf1+ 61. Ke5 Ra1 62. Ke6 1-0


[Site "https://www.chess.com"]

[Event "Titled Tuesday Blitz February 14 Late 2023"]
[White "Cruz, Jonathan"]
[Black "Kaplan, Avi Harrison"]
[WhiteFideId "3802124"]
[BlackFideId "30934559"]
[WhiteElo "2328"]
[BlackElo "2146"]
[Result "1-0"]
[Round "08"]
[TimeControl "180+2"]
[Date "2023.02.14"]
[WhiteClock "0:00:06"]
[BlackClock "0:00:01"]

1. e4 d6 2. f4 Nf6 3. Nc3 g6 4. Nf3 Bg7 5. g3 O-O 6. Bg2 c5 7. O-O Nc6 8. h3 a6 9. Kh2 b5 10. d3 Bb7 11. Be3 Qc7 12. Qd2 Rfd8 13. Rae1 d5 14. exd5 Nb4 15. Qf2 Rac8 16. Bd2 Nxc2 17. Rc1 Nb4 18. Ne5 Nfxd5 19. Nxd5 Bxd5 20. Bxb4 Bxg2 21. Qxg2 Qd6 22. Ba5 Re8 23. Rfe1 h5 24. Rcd1 h4 25. gxh4 Bh6 26. Qg3 Qf6 27. Ng4 Qxf4 28. Nxh6+ Qxh6 29. Bd2 Qh5 30. a3 Qd5 31. Bc3 Rcd8 32. Re5 Qb3 33. Rde1 b4 34. axb4 cxb4 35. Bd2 Rxd3 36. Qg2 Qxb2 37. R5e2 Red8 38. Bf4 Qf6 39. Bg3 b3 40. Rxe7 Rd2 41. R7e2 Qb2 42. Bf4 Rxe2 43. Rxe2 Qf6 44. Bg5 Qd6+ 45. Qg3 Qxg3+ 46. Kxg3 Rd3+ 47. Kg4 a5 48. Bf6 Kh7 49. Re8 g5 50. h5 1-0


[Site "https://www.chess.com"]

[Event "Titled Tuesday Blitz February 14 Late 2023"]
[White "Han, Yichen"]
[Black "Reprintsev, Alexander"]
[WhiteFideId "1054430"]
[BlackFideId "14100541"]
[WhiteElo "2413"]
[BlackElo "2253"]
[Result "1-0"]
[Round "08"]
[TimeControl "180+2"]
[Date "2023.02.14"]
[WhiteClock "0:00:04"]
[BlackClock "0:00:09"]

1. Nc3 d5 2. e4 d4 3. Nce2 c5 4. d3 Nc6 5. f4 e5 6. Nf3 Bd6 7. g3 h6 8. Bg2 Bd7 9. O-O Nge7 10. h3 exf4 11. gxf4 Qc8 12. e5 Bc7 13. Kh2 Nf5 14. c3 O-O 15. b4 cxb4 16. cxd4 Nce7 17. Qe1 a5 18. Ng3 Bc6 19. Ne4 Nd5 20. Bd2 b6 21. Rc1 Qb7 22. Nh4 Nxd4 23. Qf2 Ne6 24. Qg3 Kh8 25. Nf5 Rg8 26. Ned6 Bxd6 27. Nxd6 Qd7 28. Rxc6 Qxc6 29. Nxf7+ Kh7 30. Be4+ g6 31. Qh4 Kg7 32. f5 Kxf7 33. fxe6+ Ke8 34. Rf7 Qxe6 35. Bxd5 Qxe5+ 36. Kg1 Rd8 37. Bb3 Rxd3 38. Rb7 Rxd2 39. Ba4+ Kf8 40. Qxh6+ Qg7 41. Rxg7 Rd1+ 42. Bxd1 Rxg7 43. Bb3 g5 44. Qf6+ 1-0


[Site "https://www.chess.com"]

[Event "Titled Tuesday Blitz February 14 Late 2023"]
[White "Novikov, Evgenij"]
[Black "Fiorito, Joaquin"]
[WhiteFideId "4125380"]
[BlackFideId "180173"]
[WhiteElo "2276"]
[BlackElo "2405"]
[Result "1/2-1/2"]
[Round "08"]
[TimeControl "180+2"]
[Date "2023.02.14"]
[WhiteClock "0:00:06"]
[BlackClock "0:00:37"]

1. e4 c6 2. c4 d5 3. exd5 cxd5 4. cxd5 Nf6 5. Qa4+ Bd7 6. Qb3 b6 7. Nc3 g6 8. Nf3 Bg7 9. g3 O-O 10. Bg2 Na6 11. d4 Rc8 12. O-O Nc7 13. Ne5 Nfe8 14. Bg5 h6 15. Bf4 Nd6 16. Rad1 Nf5 17. Rfe1 b5 18. Ne4 Ne8 19. Nc5 Nxd4 20. Rxd4 Rxc5 21. Rde4 Nd6 22. Nxd7 Nxe4 23. Nxc5 Nxc5 24. Qxb5 Nd7 25. Qb4 g5 26. Be3 Ne5 27. Qe4 Qd7 28. Bd4 Ng6 29. Bxg7 Kxg7 30. h4 gxh4 31. gxh4 f5 32. Qd4+ Kh7 33. h5 Nh8 34. Re6 Nf7 35. Qf4 Ng5 36. Re5 e6 37. Kh2 Qf7 38. Bf3 Nxf3+ 39. Qxf3 exd5 40. Rxd5 Qc7+ 41. Kh3 Rf7 42. Qc3 Qe7 43. Qf3 Qb7 44. b3 Qc6 45. Rd3 Qf6 46. Rd5 Qe6 47. Rd4 f4+ 48. Kh2 Qe5 49. Qe4+ Qxe4 50. Rxe4 Kg7 51. Kg2 Rf5 52. Kf3 Rxh5 53. Re7+ Kf6 54. Rxa7 Rh4 55. Ra6+ Ke5 56. Ra5+ Kf6 57. b4 Rh3+ 58. Kxf4 Rh4+ 59. Kg3 Rxb4 60. Ra6+ Kg5 61. f4+ Rxf4 62. Rxh6 Ra4 63. Rh2 Ra3+ 64. Kg2 Kf4 65. Kh1 Kg3 66. Rg2+ Kf3 67. Kh2 Ra8 68. Rg3+ Kf2 69. Rg2+ Kf3 70. Rg3+ Kf4 71. Rg2 Rh8+ 72. Kg1 Kf3 73. Rf2+ Ke3 74. Rg2 Rd8 75. Rf2 Rg8+ 76. Kf1 Rc8 77. Re2+ Kd3 78. Kf2 Rf8+ 79. Ke1 Rh8 80. Rd2+ Kc3 81. Rf2 Re8+ 82. Re2 Rh8 83. Rf2 Rh1+ 84. Ke2 Ra1 85. Ke3 Re1+ 86. Kf3 Re8 87. Kg3 Rg8+ 88. Kf3 Rf8+ 89. Kg3 Rxf2 90. Kxf2 Kb4 91. Ke3 Ka3 92. Kd3 Kxa2 1/2-1/2


[Site "https://www.chess.com"]

[Event "Titled Tuesday Blitz February 14 Late 2023"]
[White "Kalogeris, Ioannis"]
[Black "benny_aizenberg"]
[WhiteFideId "4239563"]
[WhiteElo "2423"]
[BlackElo "2558"]
[Result "0-1"]
[Round "08"]
[TimeControl "180+2"]
[Date "2023.02.14"]
[WhiteClock "0:00:14"]
[BlackClock "0:00:07"]

1. e4 c6 2. d4 d5 3. e5 Bf5 4. Nd2 e6 5. Ngf3 Nd7 6. Be2 c5 7. c3 Ne7 8. Nb3 Nc6 9. O-O Be7 10. a4 O-O 11. Be3 c4 12. Nbd2 a6 13. Ne1 b5 14. g4 Bg6 15. f4 f5 16. exf6 Nxf6 17. g5 Ne4 18. Bg4 Bf5 19. Nxe4 dxe4 20. axb5 axb5 21. Rxa8 Qxa8 22. d5 Rd8 23. Bxf5 exf5 24. Bb6 Rd7 25. Nc2 Qa6 26. Bf2 Na5 27. Ne3 g6 28. Qa1 Bc5 29. Rd1 Qb6 30. Re1 Ra7 31. Qd1 Qd6 32. Ng2 Bxf2+ 33. Kxf2 Nb3 34. Kg3 Ra1 35. Qe2 Rxe1 36. Qxe1 Qxd5 37. Ne3 Qd3 38. Kf2 Nc5 39. Qc1 Ne6 40. Ng2 Qd7 41. Qa1 Nc5 42. Qa8+ Kg7 43. h4 Nd3+ 44. Kg3 Nxb2 45. Qb8 Nd3 46. h5 gxh5 47. Nh4 e3 48. Kf3 Qd5+ 49. Ke2 Nxf4+ 50. Qxf4 Qd2+ 51. Kf1 e2+ 52. Kg2 Qxf4 0-1


[Site "https://www.chess.com"]

[Event "Titled Tuesday Blitz February 14 Late 2023"]
[White "Erdogan, Anil Berk"]
[Black "Gubajdullin, Alexei"]
[WhiteFideId "6348173"]
[BlackFideId "4141202"]
[WhiteElo "2091"]
[BlackElo "2285"]
[Result "0-1"]
[Round "08"]
[TimeControl "180+2"]
[Date "2023.02.14"]
[WhiteClock "0:01:03"]
[BlackClock "0:01:45"]

1. e4 c5 2. Nf3 Nc6 3. d4 cxd4 4. Nxd4 Nf6 5. Nc3 e5 6. Ndb5 d6 7. Nd5 Nxd5 8. exd5 Nb8 9. c4 Be7 10. Bd3 O-O 11. O-O f5 12. f3 a6 13. Nc3 Bg5 14. a3 Nd7 15. b4 Bxc1 16. Qxc1 Qh4 17. Qe3 e4 18. fxe4 f4 19. g3 Qf6 20. Qd2 Qd4+ 21. Kg2 Ne5 22. Rad1 f3+ 23. Kh1 Bh3 24. Qf2 Qxd3 25. Rxd3 Nxd3 26. Qd2 Bxf1 27. Kg1 Bh3 28. Nd1 f2+ 29. Nxf2 Rxf2 0-1


[Site "https://www.chess.com"]